 Dungeon Crawl Stone Soup version 0.29.1-2-gbd0b4ee654 (webtiles) character file.

Game seed: 11202514712906456395

6 leafyfresh the Firebug (level 1, -3/11 HPs)
             Began as an Octopode Fire Elementalist on Nov 7, 2022.
             Frozen to death by an endoplasm (4 damage)
             ... on level 1 of the Dungeon.
             The game lasted 00:00:19 (83 turns).

leafyfresh the Firebug (Octopode Fire Elementalist)   Turns: 83, Time: 00:00:20

Health: -3/11      AC:  1    Str:  7    XL:     1   Next: 90%
Magic:  0/3        EV: 13    Int: 17    God:
Gold:   0          SH:  0    Dex: 12    Spells: 3/4 levels left

rFire   . . .      SeeInvis .   (no weapon)
rCold   . . .      Faith    .   (no shield)
rNeg    . . .      Spirit   .   (helmet restricted)
rPois   .          Reflect  .   (no amulet)
rElec   .          Harm     .   (no ring)
rCorr   .          Rampage  .   (no ring)
Will    .....                   (no ring)
Stlth   +++.......              (no ring)
HPRegen 0.03/turn               (no ring)
MPRegen 0.08/turn               (no ring)
                                (no ring)
                                (no ring)

@: no status effects
A: almost no armour, amphibious, 8 rings, camouflage 1, gelatinous body 1,
(nimble swimmer 1), tentacles
a: no special abilities


You were on level 1 of the Dungeon.
You visited 1 branch of the dungeon, and saw 1 of its levels.

Inventory:

Scrolls
 c - a scroll of poison {unknown}
Potions
 a - a potion of magic
 b - a potion of attraction {unknown}


   Skills:
 + Level 2.1 Dodging
 + Level 2.9 Stealth
 + Level 2.1 Spellcasting
 + Level 1.1 Conjurations
 + Level 3.0 Fire Magic


You had 3 spell levels left.
You knew the following spells:

 Your Spells              Type           Power      Damage    Failure   Level
a - Foxfire               Conj/Fire      36%        2x1d5     9%          1

Your spell library contained the following spells:

 Spells                   Type           Power      Damage    Failure   Level
 Scorch                   Fire           24%        2d6       9%          2
 Conjure Flame            Conj/Fire      9%         6-21      24%         3
 Inner Flame              Hex/Fire       7%         N/A       30%         3
 Flame Wave               Conj/Fire      9%         2d6       63%         4


Dungeon Overview and Level Annotations

Branches:
Dungeon (1/15)

Altars:


Innate Abilities, Weirdness & Mutations

You cannot wear most types of armour.
You are amphibious.
You can wear up to eight rings at the same time.
Your skin changes colour to match your surroundings (Stealth+).
Your rubbery body absorbs attacks. (AC +1, EV +1)
((You are camouflaged when in or above water. (Stealth+)))
You have tentacles for arms and can constrict up to eight enemies at once.


Message History

You tentacle-slap the goblin but do no damage.
Your grab misses the goblin. You squeeze the goblin.
You kill the goblin!
The foxfire hits the ball python.
You kill the ball python!
A bat comes into view.
The foxfire hits the endoplasm.
The endoplasm is severely wounded.
The endoplasm quivers.
An endoplasm comes into view.
Found a stone staircase leading down.
The hobgoblin shouts!
The endoplasm hits you.
The endoplasm quivers.
You tentacle-slap the endoplasm but do no damage.
The endoplasm is heavily wounded.
The endoplasm closely misses you.
You tentacle-slap the endoplasm but do no damage.
The endoplasm is heavily wounded.
The bat barely misses you. The endoplasm freezes you.
You are frozen.
Unknown command.
Casting: Foxfire (safe; 9% risk of failure)
Confirm with . or Enter, or press ? or * to list all spells.
You conjure some foxfire!
The foxfire hits the bat.
You kill the bat!
A giant cockroach comes into view.
A ball python comes into view.
The endoplasm closely misses you.
Unknown command.
The foxfire hits the hobgoblin.
The hobgoblin is severely wounded.
The endoplasm attacks as you move away! The endoplasm hits you.
* * * LOW HITPOINT WARNING * * *
Casting: Foxfire (safe; 9% risk of failure)
Confirm with . or Enter, or press ? or * to list all spells.
You conjure some foxfire!
The endoplasm freezes you.
You are frozen.
You die...

. . .# ##. .# #.
###.# .# # #....
....# .##.. #.##.
#.#.# ... #.##.
#.#.####.#
#.##.##.#.v)g.=#
#.##.#...#v@J..#
#.##....[.###†......#
######.###.....#
#...B....
..........#+####
#J...⌠... ###.####.##
.....S.## #.# #.#
...##.... #.# #.#
.... ...> #.# #..
#..## ### #.# ##.


You could see an endoplasm (ally target), a giant cockroach, a hobgoblin (ally
target) and a ball python.

Vanquished Creatures
  A dart slug (D:1)
  A ball python (D:1)
  A goblin (D:1)
  A bat (D:1)
4 creatures vanquished.

Vanquished Creatures (others)
  3 foxfires (D:1)
3 creatures vanquished.

Grand Total: 7 creatures vanquished

Notes
Turn   | Place    | Note
-------+----------+-------------------------------------------
     0 | D:1      | leafyfresh the Octopode Fire Elementalist began the quest
                  | for the Orb.
     0 | D:1      | Reached XP level 1. HP: 11/11 MP: 3/3
    83 | D:1      | Frozen to death by an endoplasm

Illustrated notes

Levels and vault maps discovered:
D:1:      lightli_arrival_boilingwater, layout_loops_ring, amethyst_killhole,
          minmay_misc_feat_encased, chequers_arboretum, minmay_curled_crystal,
          hangedman_feature_mirror, minmay_misc_feat_ornament,
          hangedman_decor_growths, minmay_misc_feat_four_crosses

Action                   || total
-------------------------++-------
Melee: Unarmed           ||     6
       Tentacles         ||     2
       Constrict         ||     1
 Cast: Foxfire           ||     4
Dodge: Dodged            ||     4
